 Seeded DCSS version 0.31-a0-523-g071a6c1ffa (webtiles) character file.

Game seed: 5046007172380960127 (custom seed)

1792 innerfire43 the Ruffian (level 9, -5/67 HPs)
             Began as a Gnoll Shapeshifter on Aug 11, 2023.
             Was a Believer of Okawaru.
             Slain by a gnoll sergeant
             ... wielding a +3 spear of pain
              (7 damage)
             ... on level 6 of the Dungeon.
             The game lasted 00:06:31 (5471 turns).

innerfire43 the Ruffian (Gnoll Shapeshifter)        Turns: 5471, Time: 00:06:32

Health: -5/67      AC:  4    Str: 16    XL:     9   Next: 9%
Magic:  14/15      EV: 15    Int:  8    God:    Okawaru [**....]
Gold:   193        SH:  0    Dex: 15    Spells: 16/16 levels left

rFire   + .          .
                       - Unarmed
rCold   . . .        (shield currently unavailable)
rNeg    + . .        a - +0 animal skin
rPois   .            (no helmet)
rElec   .            (no cloak)
rCorr   .            (no gloves)
SInv    .            y - +1 pair of boots
Will    +....        j - amulet of the acrobat
Stlth   +            w - ring of willpower
HPRegen 0.31/turn    v - ring "Botukkola" {rF+ rN+ Slay+4}
MPRegen 0.14/turn

%: acrobat
@: flux-form, glowing, invisible (but backlit and visible)
A: glow, contaminating, fangs 1, strong nose, distributed training
a: Begin Untransformation, Renounce Religion, Heroism


You were on level 6 of the Dungeon.
You worshipped Okawaru.
Okawaru was pleased with you.
You were something dangerously unstable.
You visited 1 branch of the dungeon, and saw 6 of its levels.

You collected 193 gold pieces.

Inventory:

Armour
 a - a +0 animal skin (worn)
 y - a +1 pair of boots (worn)
Jewellery
 i - a ring of magical power
 j - an amulet of the acrobat (around neck)
 l - a ring of magical power
 v - the ring "Botukkola" (right hand) {rF+ rN+ Slay+4}
   (You acquired it on level 3 of the Dungeon)

   [ring of slaying]

   Slay+4:    It affects your accuracy & damage with ranged weapons and melee
   (+4).
   rF+:       It protects you from fire.
   rN+:       It protects you from negative energy.
 w - a ring of willpower (left hand)
 z - a ring of poison resistance
Talismans
 c - a beast talisman
 d - a flux talisman (active)
Scrolls
 f - a scroll of immolation
 k - a scroll of enchant weapon {unknown}
 p - a scroll of silence {unknown}
 r - 3 scrolls of teleportation
 t - a scroll of amnesia {unknown}
 x - a scroll of enchant armour
 B - a scroll of summoning {unknown}
Potions
 b - 2 potions of lignification
 e - 4 potions of attraction
 m - 3 potions of heal wounds {unknown}
 n - a potion of enlightenment {unknown}
 o - 3 potions of haste {unknown}
 q - 2 potions of magic {unknown}
 s - 3 potions of might {unknown}
 u - a potion of cancellation {unknown}
 A - a potion of brilliance {unknown}


   Skills:
 + Level 4.8 Fighting
 + Level 4.0 Short Blades
 + Level 4.0 Long Blades
 + Level 4.0 Axes
 + Level 4.0 Maces & Flails
 + Level 4.0 Polearms
 + Level 4.0 Staves
 + Level 4.0 Ranged Weapons
 + Level 4.0 Throwing
 + Level 4.0 Armour
 + Level 6.1 Dodging
 + Level 4.0 Stealth
 + Level 4.0 Shields
 + Level 7.7 Unarmed Combat
 + Level 4.0 Spellcasting
 + Level 3.2 Conjurations
 + Level 3.2 Hexes
 + Level 3.2 Summonings
 + Level 3.2 Necromancy
 + Level 3.2 Translocations
 + Level 3.2 Transmutations
 + Level 3.2 Fire Magic
 + Level 3.2 Ice Magic
 + Level 3.2 Air Magic
 + Level 3.2 Earth Magic
 + Level 3.2 Poison Magic
 + Level 4.3 Invocations
 + Level 4.0 Evocations
 + Level 7.3 Shapeshifting


You had 16 spell levels left.
You didn't know any spells.
Your spell library contained the following spells:

 Spells                   Type           Power      Damage    Failure   Level
 Blink                    Tloc           12%        N/A       12%         2
 Poisonous Vapours        Pois/Air       12%        N/A       12%         2
 Mephitic Cloud           Conj/Pois/Air  6%         N/A       22%         3
 Manifold Assault         Tloc           6%         N/A       58%         4
 Olgreb's Toxic Radiance  Pois           6%         N/A       58%         4
 Freezing Cloud           Conj/Ice/Air   3%         6-21      91%         5
 Dispersal                Tloc           3%         N/A       100%        6
 Discord                  Hex            3%         N/A       100%        8
 Disjunction              Tloc           3%         N/A       100%        8
 Ignition                 Fire           3%         3d4       100%        8
 Summon Small Mammal      Summ           Unusable   N/A       N/A         1
 Call Canine Familiar     Summ           Unusable   N/A       N/A         3
 Summon Guardian Golem    Hex/Summ       Unusable   N/A       N/A         3

Dungeon Overview and Level Annotations

Branches:
Dungeon (6/15)             Temple (0/1) D:6

Altars:
Okawaru
Trog

Shops:
D:2 =


Innate Abilities, Weirdness & Mutations

You are something dangerously unstable.
You glow with magical radiation, making you easy to see and hit.
Foes you strike become dangerously contaminated with magical radiation.
You are incapable of wielding weapons or throwing items.
You have very sharp teeth.
Your uncanny sense of smell can sniff out nearby items.
Your experience applies equally to all skills.


Message History

Your Axes skill increases to level 4!
Your Maces & Flails skill increases to level 4!
Your Polearms skill increases to level 4!
Your Staves skill increases to level 4!
Your Ranged Weapons skill increases to level 4!
Your Throwing skill increases to level 4!
Your Armour skill increases to level 4!
Your Stealth skill increases to level 4!
Your Shields skill increases to level 4!
Your Spellcasting skill increases to level 4!
Your Evocations skill increases to level 4!
You completely miss the gnoll.
Unknown command.
You hit the gnoll.
The gnoll begins to glow.
The gnoll is lightly wounded.
The gnoll hits you with a +0 hand axe.
* * * LOW HITPOINT WARNING * * *
Unknown command.
You hit the gnoll.
The gnoll glows dangerously bright.
The gnoll is heavily wounded.
The gnoll closely misses you.
The gnoll sergeant completely misses you.
Unknown command.
You hit the gnoll.
The gnoll shudders as magic cascades through it.
The gnoll twists and deforms.
The gnoll is severely wounded.
The gnoll hits you with a +0 hand axe.
* * * LOW HITPOINT WARNING * * *
The gnoll sergeant hits you from afar with a +3 spear of pain!
* * * LOW HITPOINT WARNING * * *
You feel better. The gnoll hits you with a +0 hand axe.
* * * LOW HITPOINT WARNING * * *
The gnoll sergeant hits you from afar with a +3 spear of pain!
* * * LOW HITPOINT WARNING * * *
It was a potion of invisibility.
You become transparent, but the glow from your form prevents you from becoming completely invisible.
The gnoll barely misses you.
The gnoll sergeant hits you from afar with a +3 spear of pain!
You die...

#..................##
#...................#
#######...................#
..........................#
..........................#
......).>.....((..........#
..........................#
...........)..............#
######....Bg........).....#
#.....)..............#
#....g...............#
#....................#
#....................#
#...................)#
#.........<..........#
#....................#
#...................##


You could see a gnoll sergeant and a gnoll (misshapen).

Vanquished Creatures
  Sigmund (D:2)
  An ice beast (D:6)
  A black bear (D:5)
  An ogre (D:4)
  2 centaurs
  2 phantoms
  5 scorpions
  A gnoll sergeant (D:6)
  3 jellies
  3 howler monkeys
  A quasit (D:5)
  A hound (D:4)
  2 orc priests
  2 sleepcaps
  3 iguanas
  An orc wizard (D:6)
  Robin (D:4)
  6 adders
  2 shadow imps (D:5)
  A white imp (D:5)
  2 ufetubi (D:5)
  3 worms
  2 dart slugs
  16 orcs
  8 ball pythons
  5 bats
  7 endoplasms
  2 giant cockroaches
  19 goblins
  7 hobgoblins
  6 quokkas
  3 frilled lizards
  8 kobolds
  4 rats
132 creatures vanquished.

Vanquished Creatures (others)
  A wizard (D:5)
1 creature vanquished.

Grand Total: 133 creatures vanquished

Notes
Turn   | Place    | Note
-------+----------+-------------------------------------------
     0 | D:1      | innerfire43 the Gnoll Shapeshifter began the quest for the
                  | Orb.
     0 | D:1      | Reached XP level 1. HP: 17/17 MP: 1/1
   117 | D:1      | Reached XP level 2. HP: 23/23 MP: 2/2
   612 | D:1      | Reached XP level 3. HP: 28/28 MP: 3/3
   875 | D:2      | Noticed Sigmund
   891 | D:2      | Killed Sigmund
   892 | D:2      | Reached skill level 1 in Short Blades
   892 | D:2      | Reached skill level 1 in Long Blades
   892 | D:2      | Reached skill level 1 in Axes
   892 | D:2      | Reached skill level 1 in Maces & Flails
   892 | D:2      | Reached skill level 1 in Polearms
   892 | D:2      | Reached skill level 1 in Staves
   892 | D:2      | Reached skill level 1 in Ranged Weapons
   892 | D:2      | Reached skill level 1 in Throwing
   892 | D:2      | Reached skill level 1 in Armour
   892 | D:2      | Reached skill level 1 in Stealth
   892 | D:2      | Reached skill level 1 in Shields
   892 | D:2      | Reached skill level 1 in Spellcasting
   892 | D:2      | Reached skill level 1 in Conjurations
   892 | D:2      | Reached skill level 1 in Hexes
   892 | D:2      | Reached skill level 1 in Summonings
   892 | D:2      | Reached skill level 1 in Necromancy
   892 | D:2      | Reached skill level 1 in Translocations
   892 | D:2      | Reached skill level 1 in Transmutations
   892 | D:2      | Reached skill level 1 in Fire Magic
   892 | D:2      | Reached skill level 1 in Ice Magic
   892 | D:2      | Reached skill level 1 in Air Magic
   892 | D:2      | Reached skill level 1 in Earth Magic
   892 | D:2      | Reached skill level 1 in Poison Magic
   892 | D:2      | Reached skill level 1 in Invocations
   892 | D:2      | Reached skill level 1 in Evocations
   892 | D:2      | Reached XP level 4. HP: 20/35 MP: 4/6
   892 | D:2      | Reached XP level 5. HP: 24/41 MP: 4/7
  1226 | D:2      | Reached XP level 6. HP: 47/47 MP: 8/8
  1321 | D:2      | Found a faded altar of an unknown god.
  1391 | D:2      | Found Cyttoaka's Jewellery Emporium.
  1636 | D:3      | Found an iron altar of Okawaru.
  1814 | D:3      | Became a worshipper of Warmaster Okawaru
  1964 | D:3      | Identified a scroll of acquirement
  1964 | D:3      | Acquired the ring "Botukkola" {rF+ rN+ Slay+4}
  2008 | D:3      | Identified the +0 hand axe of Distraction {drain, +Blink
                  | Fly rN+}
  2316 | D:4      | Reached skill level 5 in Dodging
  2564 | D:4      | Noticed Robin
  2746 | D:4      | Killed Robin
  2889 | D:4      | Reached XP level 7. HP: 52/52 MP: 10/10
  3963 | D:5      | Entered Level 5 of the Dungeon
  3989 | D:5      | Reached * piety under Okawaru
  4231 | D:5      | Reached XP level 8. HP: 36/60 MP: 12/12
  4884 | D:5      | Reached ** piety under Okawaru
  5022 | D:5      | Found a bloodstained altar of Trog.
  5023 | D:5      | Noticed a wizard
  5029 | D:5      | Killed a wizard
  5231 | D:6      | Found a staircase to the Ecumenical Temple.
  5393 | D:6      | Reached XP level 9. HP: 66/66 MP: 14/14
  5470 | D:6      | HP: 1/67 [gnoll sergeant/+3 spear of pain (8)]
  5471 | D:6      | Slain by a gnoll sergeant

Illustrated notes

Levels and vault maps discovered:
D:1:      lightli_arrival_quake, layout_loops_cross, kennysheep_small_spiral
D:2:      layout_loops_ring, ebering_ecumenical_altar_webs, serial_shops, shop,
          uniq_sigmund
D:3:      layout_basic, nicolae_overflow_crystal_walls
D:4:      dreamdust_elfheim, layout_layer_cave, uniq_robin
D:5:      layout_basic, trog_wizard, serial_demonic, serial_demonic_b,
          serial_demonic_c, serial_demonic_b, serial_demonic_f
D:6:      layout_basic, nicolae_hepliaklqana_ecumenical_no_more,
          minmay_temple_entry_arrows, minmay_misc_feat_chi,
          pf_guarded_unrand_woodcutter, uniq_jeremiah, uniq_maggie,
          uniq_crazy_yiuf_cottage

Skill      XL: |  1  2  3  4  5  6  7  8  9 |
---------------+----------------------------+-----
Fighting       | 3 4 |  4.8
Short Blades   | 1 2 3 4 |  4.0
Long Blades    | 1 2 3 4 |  4.0
Axes           | 1 2 3 4 |  4.0
Maces & Flails | 1 2 3 4 |  4.0
Polearms       | 1 2 3 4 |  4.0
Staves         | 1 2 3 4 |  4.0
Ranged Weapons | 1 2 3 4 |  4.0
Throwing       | 1 2 3 4 |  4.0
Armour         | 1 2 3 4 |  4.0
Stealth        | 1 2 3 4 |  4.0
Shields        | 1 2 3 4 |  4.0
Spellcasting   | 1 2 3 4 |  4.0
Conjurations   | 1 2 3 |  3.2
Hexes          | 1 2 3 |  3.2
Summonings     | 1 2 3 |  3.2
Necromancy     | 1 2 3 |  3.2
Translocations | 1 2 3 |  3.2
Transmutations | 1 2 3 |  3.2
Fire Magic     | 1 2 3 |  3.2
Ice Magic      | 1 2 3 |  3.2
Air Magic      | 1 2 3 |  3.2
Earth Magic    | 1 2 3 |  3.2
Poison Magic   | 1 2 3 |  3.2
Invocations    | 1 2 3 4 |  4.3
Evocations     | 1 2 3 4 |  4.0
Dodging        | 5 6 |  6.1
Unarmed Combat | 7 |  7.7
Shapeshifting  | 7 |  7.3

Action                     |  1- 3 |  4- 6 |  7- 9 || total
---------------------------+-------+-------+-------++-------
  Melee: Unarmed           |    55 |   115 |   190 ||   360
         Bite              |     5 |    13 |    23 ||    41
         Punch             |     1 |     2 |       ||     3
    Use: Scroll            |       |     1 |     5 ||     6
         Potion            |       |       |     3 ||     3
   Stab: Sleeping          |     5 |     2 |       ||     7
 Armour: Animal skin       |     8 |    13 |    18 ||    39
  Dodge: Dodged            |    42 |    84 |   134 ||   260
   Form: Flux              |       |     1 |       ||     1

Table legend: (Time is in decaauts)
 A = Elapsed time spent in this place.
 B = Non-inter-level travel time spent in this place.
 C = Inter-level travel time spent in this place.
 D = Time resting spent in this place.
 E = Time spent auto-exploring this place.
 F = Levels seen in this place.
 G = Mean time per level.
                   A        B        C        D        E       F      G
               +--------+--------+--------+--------+--------+-----+--------+
         Total |   5425 |   5081 |    344 |      0 |   4277 |   6 |  904.2 |
       Dungeon |   5425 |   5081 |    344 |      0 |   4277 |   6 |  904.2 |
               +--------+--------+--------+--------+--------+-----+--------+

Top non-repeatable levels by time:
     D:4: 1527 daAuts
     D:5: 1151 daAuts
     D:3: 843 daAuts
     D:2: 784 daAuts
     D:1: 779 daAuts
     D:6: 339 daAuts
